 Seeded DCSS version 0.30.1-4-g462c640d31 (webtiles) character file.

Game seed: 6351066067085065685 (custom seed)

2 Esekla the Grave Robber (level 1, 0/10 HPs)
             Began as a Deep Elf Necromancer on Sept 3, 2023.
             Was an Initiate of Vehumet.
             Slain by an endoplasm (3 damage)
             ... on level 3 of the Dungeon.
             The game lasted 00:05:28 (797 turns).

Esekla the Grave Robber (Deep Elf Necromancer)       Turns: 797, Time: 00:05:29

Health: 0/10       AC:  4    Str:  5    XL:     1   Next: 25%
Magic:  6/6        EV: 12    Int: 19    God:    Vehumet [......]
Gold:   49         SH:  0    Dex: 15    Spells: 5/6 levels left

rFire   . . .        n - +1 short sword (freeze)
rCold   . . .        (no shield)
rNeg    . . .        a - +0 robe
rPois   .            l - +0 helmet
rElec   .            (no cloak)
rCorr   .            j - +0 pair of gloves
SInv    .            (no boots)
Will    .....        (no amulet)
Stlth   ++           (no ring)
HPRegen 0.21/turn    (no ring)
MPRegen 0.10/turn

%: no passive effects
@: no status effects
A: no striking features
a: Renounce Religion


You were on level 3 of the Dungeon.
You worshipped Vehumet.
Vehumet was noncommittal.
You visited 1 branch of the dungeon, and saw 4 of its levels.

You collected 49 gold pieces.

Inventory:

Hand Weapons
 n - a +1 short sword of freezing (weapon)
Armour
 a - a +0 robe (worn)
 j - a +0 pair of gloves (worn)
 l - a +0 helmet (worn)
Scrolls
 e - a scroll of fear {unknown}
 f - 3 scrolls of identify {unknown}
Potions
 b - a potion of magic
 d - a potion of ambrosia {unknown}
 g - a potion of heal wounds {unknown}
 h - a potion of attraction {unknown}
 i - a potion of haste {unknown}
 k - a potion of curing {unknown}
 m - a potion of mutation {unknown}


   Skills:
 * Level 2.4 Dodging
 + Level 2.5 Stealth
 * Level 3.0 Spellcasting
 + Level 4.8 Necromancy


You had 5 spell levels left.
You knew the following spells:

 Your Spells              Type           Power      Damage    Failure   Level
a - Necrotise             Necr           84%        1d8       1%          1

Your spell library contained the following spells:

 Spells                   Type           Power      Damage    Failure   Level
 Vampiric Draining        Necr           21%        2d7       6%          3
 Animate Dead             Necr           21%        N/A       21%         4
 Agony                    Necr           21%        N/A       50%         5


Dungeon Overview and Level Annotations

Branches:
Dungeon (4/15)
 Temple: D:4-7

Altars:
Okawaru
Vehumet
Zin
The Shining One


Message History

Things that are here:
a +1 short sword of freezing; 3 stones
n - a +1 short sword of freezing
There is a stone staircase leading up here.
The gnoll hits you but does no damage.
You climb upwards.
There is a stone staircase leading down here.
You are now empty-handed.
You drop a +0 short sword.
Your +1 short sword of freezing glows with a cold blue light!
n - a +1 short sword of freezing (weapon)
A bat comes into view.
The bat closely misses you.
You closely miss the bat. The bat barely misses you. The bat barely misses you.
You hit the bat. You freeze the bat.
You kill the bat!
Vehumet accepts your kill.
An endoplasm comes into view.
The endoplasm quivers.
You hit the endoplasm but do no damage. The endoplasm freezes you.
You are frozen.
You barely miss the endoplasm. You punch the endoplasm.
The endoplasm is heavily wounded.
The endoplasm barely misses you.
You barely miss the endoplasm.
The endoplasm is heavily wounded.
The endoplasm barely misses you.
You hit the endoplasm but do no damage. Your punch misses the endoplasm.
The endoplasm is heavily wounded.
The endoplasm freezes you.
You are frozen.
* * * LOW HITPOINT WARNING * * *
You completely miss the endoplasm.
The endoplasm is heavily wounded.
The endoplasm barely misses you.
You barely miss the endoplasm.
The endoplasm is heavily wounded.
The endoplasm hits you.
You die...

#.......>..............#
#.......#...##########.#
............#### ###.#####
#.......#.#....# #.......#
'.......#.#.##.#####.......#
#.......#..........+..........
........###.###.####.......###
.....(.[# #.# #.####.......#
........# #.# #.@J.#.......#
#.......# #.#..............#
#.......# #.#.####.........#
######### #.#. #..### #.# #...
..# ####


You could see an endoplasm.

Vanquished Creatures
  A bat (D:3)
  2 kobolds
3 creatures vanquished.

Notes
Turn   | Place    | Note
-------+----------+-------------------------------------------
     0 | D:1      | Esekla the Deep Elf Necromancer began the quest for the
                  | Orb.
     0 | D:1      | Reached XP level 1. HP: 10/10 MP: 6/6
   459 | D:4      | Found a radiant altar of Vehumet.
   519 | D:4      | Found an iron altar of Okawaru.
   531 | D:4      | Found a glowing silver altar of Zin.
   618 | D:4      | Became a worshipper of Vehumet
   733 | D:4      | Found a glowing golden altar of the Shining One.
   797 | D:3      | Slain by an endoplasm

Illustrated notes

Levels and vault maps discovered:
D:1:      sevenhm_arrival_forest_fort_small_3, layout_rooms,
          chequers_serial_rivers_room_b, minmay_misc_feat_five
D:2:      layout_loops_ring, dreamdust_ecumenical_altar_angels_and_demons,
          serial_shops, shop
D:3:      layout_basic, grunt_temple_overflow_open, minmay_misc_feat_iff
D:4:      layout_basic, nicolae_overflow_quartered_altars, serial_shops,
          nicolae_diamond_shop

Action                     || total
---------------------------++-------
  Melee: Short sword       ||    10
         Unarmed           ||     9
         Punch             ||     1
 Armour: Robe              ||    13
  Dodge: Dodged            ||    44
